AoeStats
← mariemougel88

Arabia

511033282Analyzed
1v1 RM · 6h ago on Oct 3, 2026· 21m 49s· 2 players
Game mode
Random Map
Map size
Tiny (2 player)
Population
200
Speed
Normal
Resources
Standard
Victory
Conquest
Starting age
Dark Age
Ending age
Imperial Age
RankedLock teamsTeams togetherTeam positionsShared explorationLock speedFull tech treeHidden civsTurbo modeCheats
Victory
Defeat
🇫🇷 Mongols · France
917
+16
🇫🇷 Vietnamese · France
910
-16
Bob
3:04 Loom
10:13 Feudal Age
11:54 Double-Bit Axe
18:27 Wheelbarrow
18:17 Fletching
mariemougel88
9:04 Feudal Age
7:20 Loom
9:58 Double-Bit Axe
18:15 Castle Age
17:01 Fletching
17:23 Bloodlines
17:22 Gold Mining
19:00 Bodkin Arrow
19:13 Husbandry
19:14 Horse Collar
21:11 Padded Archer Armor
Connection lost

Rejoining the realm…

Still unreachable

The connection could not be restored.

Session expired

The server has moved on; the page needs a fresh start.